 Dungeon Crawl Stone Soup version 0.17-a0-1409-ge6d9485 (webtiles) character file.

124 wvc the Skirmisher (level 4, -6/39 HPs)
             Began as a Mummy Wanderer on June 22, 2015.
             Mangled by an ogre
             ... wielding a +0 giant club
              (19 damage)
             ... in the Ecumenical Temple.
             The game lasted 00:05:56 (3601 turns).

wvc the Skirmisher (Mummy Wanderer)                 Turns: 3601, Time: 00:05:56

Health: -6/39      AC: 10    Str: 14    XL:     4   Next: 81%
Magic:  4/4        EV:  6    Int: 14    God:
Gold:   143        SH:  0    Dex: 10    Spells: 0 memorised, 3 levels left

rFire  x . .     SeeInvis +     a - +2 hand axe
rCold  + . .     Clarity  .     p - +1 chain mail {rPois}
rNeg   + + +     SustAt   .     (no shield)
rPois  ∞         Gourm    .     o - +0 helmet
rElec  .         Spirit   .     (no cloak)
rCorr  .         Warding  .     (no gloves)
rMut   .         Stasis   .     (no boots)
MR     .....                    (no amulet)
Stlth  ..........               (no ring)
                                f - ring of see invisible

@: not resistant to hostile enchantments, extremely unstealthy
A: no food or potions, fire vulnerability, cold resistance 1, negative energy
resistance 3, torment resistance, unbreathing
a: no special abilities


You were in the Ecumenical Temple.
You were not hungry.

You visited 2 branches of the dungeon, and saw 5 of its levels.

You collected 143 gold pieces.

Inventory:

Hand weapons
 a - a +2 hand axe (weapon)
 b - a +0 mace
Missiles
 g - 19 poisoned needles
 l - 2 javelins (quivered)
Armour
 o - a +0 helmet (worn)
 p - a +1 chain mail of poison resistance (worn)
Jewellery
 f - a ring of see invisible (left hand)
Scrolls
 c - 3 scrolls of teleportation
 d - a scroll of remove curse
 e - a scroll of immolation {unknown}
 h - 4 scrolls of enchant armour {unknown}
 i - 3 scrolls of random uselessness {unknown}
 j - a scroll of identify {unknown}
 k - 3 scrolls of enchant weapon {unknown}
 m - 3 scrolls of magic mapping {unknown}
 n - a scroll of blinking {unknown}


   Skills:
 - Level 5.0 Fighting
 - Level 1.5(1.7) Axes
 - Level 1.0(1.4) Maces & Flails
 - Level 1.0 Throwing
 + Level 1.7 Armour
 - Level 3.0 Dodging
   Level 1.0 Evocations


You had 3 spell levels left.
You didn't know any spells.

Dungeon Overview and Level Annotations

Branches:
Dungeon (4/15)             Temple (1/1) D:4

Altars:
Ru
Jiyva


Innate Abilities, Weirdness & Mutations

You do not eat or drink.
Your flesh is vulnerable to fire.
You are immune to poison.
Your flesh is cold resistant.
You are immune to negative energy.
You are immune to unholy pain and torment.
You can survive without breathing.


Message History

Found a murky black potion.
There is a staircase to the Ecumenical Temple here.
The ogre hits you with a giant club.
You climb downwards.
Welcome to the Ecumenical Temple!
Found a sacrificial altar of Ru and three viscous altars of Jiyva.
There is a staircase back to the Dungeon here.
Read which item? (? for menu, Esc to quit)
As you read the scroll labeled BASHEG FIRA, it crumbles to dust.
You feel as if something is helping you.
It was a scroll of remove curse.
The ogre hits you with a giant club!
You hit the ogre.
The ogre is moderately wounded.
The ogre closely misses you.
You slash the ogre!
The ogre is severely wounded.
The ogre hits you with a giant club!
You barely miss the ogre.
The ogre is severely wounded.
The ogre hits you with a giant club!!
You die...

#########
###.......###
##..._..._...##
#.............#
.......O.......
.......@.......
...............
#.............#
##..._..._...##
###.......###
#########


You could see an ogre.

Vanquished Creatures
  6 adders
  An ooze (D:2)
  A worm (D:2)
  2 giant geckos
  2 orcs (D:3)
  2 ball pythons (D:1)
  6 bats
  9 hobgoblins
  7 kobolds
  3 quokkas
  2 giant cockroaches
  4 giant newts
  2 goblins
  9 jackals
  8 rats
64 creatures vanquished.

Notes
Turn   | Place    | Note
--------------------------------------------------------------
     0 | D:1      | wvc the Mummy Wanderer began the quest for the Orb.
     0 | D:1      | wvc set off with: a +2 hand axe, a +0 mace, a scroll of teleportation, a +0 robe
     0 | D:1      | Reached XP level 1. HP: 21/21 MP: 1/1
   171 | D:1      | Reached skill level 1 in Dodging
   227 | D:1      | Reached XP level 2. HP: 23/27 MP: 2/2
  1197 | D:2      | Reached XP level 3. HP: 22/33 MP: 3/3
  1937 | D:2      | HP: 1/33 [worm (9)]
  2404 | D:2      | Reached XP level 4. HP: 37/39 MP: 4/4
  2635 | D:3      | Reached skill level 1 in Armour
  3588 | D:4      | Found a staircase to the Ecumenical Temple.
  3590 | D:4      | Noticed an ogre
  3597 | Temple   | Entered the Ecumenical Temple
  3601 | Temple   | Mangled by an ogre

Vault maps used:
D:1:      dpeg_arrival_three_same_balls
D:3:      first_bread, st_stairs_4, serial_bayou_pond_c, minmay_fountain_box,
          kennysheep_nondescript
D:4:      minmay_temple_entry_large_hall
Temple:   pf_slimified_temple

Action                   |  1- 3 |  4- 6 || total
-------------------------+-------+-------++-------
Melee: Hand axe          |   130 |    99 ||   229
Throw: Javelin           |     6 |       ||     6
  Use: Scroll            |       |     1 ||     1
 Stab: Sleeping          |     1 |       ||     1
